 Dungeon Crawl Stone Soup version 0.31.0-11-ge490571c62 (webtiles) character file.

Game seed: 12746927381594491849

2030 qw the Nimble (level 9, 0/44 HPs)
             Began as a Spriggan Hunter on Feb 4, 2024.
             Was a Follower of Okawaru.
             Killed by divine providence
             ... invoked by an orc priest
              (15 damage)
             ... on level 7 of the Dungeon.
             The game lasted 00:00:29 (5578 turns).

qw the Nimble (Spriggan Hunter)                     Turns: 5578, Time: 00:00:29

Health: 0/44       AC:  2    Str:  7    XL:     9   Next: 3%
Magic:  10/10      EV: 30    Int: 10    God:    Okawaru [*.....]
Gold:   389        SH:  0    Dex: 29    Spells: 8/8 levels left

rFire   + . .        a - +1 shortbow
rCold   . . .        (shield currently unavailable)
rNeg    . . .        c - +0 robe
rPois   .            (helmet restricted)
rElec   .            (no cloak)
rCorr   .            (gloves unavailable)
SInv    +            (boots unavailable)
Will    +....        (no amulet)
Stlth   +++          f - +6 ring of dexterity
HPRegen 0.27/turn    e - ring of protection from fire
MPRegen 0.12/turn

%: no passive effects
@: very quick
A: very small, no large weapons, unfitting armour, see invisible, speed 3
a: Renounce Religion, Heroism


You were on level 7 of the Dungeon.
You worshipped Okawaru.
Okawaru was aware of your devotion.
You visited 2 branches of the dungeon, and saw 8 of its levels.
You also visited: Sewer.

You collected 486 gold pieces.
You spent 97 gold pieces at shops.


Innate Abilities, Weirdness & Mutations

You are very small and have problems with some larger weapons.
You are too small for most types of armour.
You have supernaturally acute eyesight. (SInv)
You cover ground extremely quickly. (Speed+++)


   Skills:
 - Level 3.4 Fighting
 - Level 9.2 Ranged Weapons
 + Level 10.3 Dodging
 - Level 1.5 Stealth
 + Level 0.8 Invocations


You had 8 spell levels left.
You didn't know any spells.
Your spell library was empty.

Inventory:

Hand Weapons
 a - a +1 shortbow (weapon)
Armour
 c - a +0 robe (worn)
Jewellery
 e - a ring of protection from fire (right hand)
 f - a +6 ring of dexterity (left hand)
 m - a +6 ring of strength
Wands
 j - a wand of iceblast (9)
Scrolls
 g - a scroll of amnesia {unknown}
 h - a scroll of identify
 p - 2 scrolls of teleportation
Potions
 b - 3 potions of mutation
 d - a potion of curing
 i - 2 potions of enlightenment
 k - a potion of haste
 l - a potion of cancellation
 n - a potion of might {unknown}

Dungeon Overview and Level Annotations

Branches:
Dungeon (7/15)             Temple (1/1) D:6           Sewer (visited)

Altars:
Ashenzari
Cheibriados
Fedhas
Gozag
Hepliaklqana
Kikubaaqudgha
Makhleb
Nemelex Xobeh
Okawaru
Ru
Sif Muna
Trog
Vehumet
Wu Jian
Xom
Zin

Shops:
D:2 ?


Message History

You shoot an arrow. The arrow hits the shadow imp.
The shadow imp is heavily wounded.
You shoot an arrow. The arrow hits the shadow imp.
The shadow imp is almost dead.
The shadow imp misses you.
You shoot an arrow. The arrow hits the shadow imp.
The shadow imp is almost dead.
The shadow imp gestures at you. Pain shoots through your body!
The orc misses you.
You shoot an arrow.
The arrow hits the shadow imp but does no damage.
The shadow imp is almost dead.
The shadow imp completely misses you.
The orc priest hits you from afar with a +0 trident!
The orc completely misses you.
You shoot an arrow. The arrow barely misses the shadow imp.
You shoot an arrow. The arrow hits the shadow imp.
You kill the shadow imp!
Okawaru accepts your kill. The orc completely misses you.
The orc priest barely misses you.
You shoot an arrow. The arrow hits the orc.
The orc is lightly wounded.
The orc hits you with a +0 war axe! The orc priest closely misses you.
You shoot an arrow. The arrow barely misses the orc.
The orc closely misses you. The orc priest completely misses you.
You shoot an arrow. The arrow hits the orc.
The orc is almost dead.
The orc completely misses you. The orc priest completely misses you.
You shoot an arrow. The arrow hits the orc.
You kill the orc!
Okawaru accepts your kill. The orc priest barely misses you.
You shoot an arrow. The arrow hits the orc priest.
The orc priest is lightly wounded.
The orc priest completely misses you.
You shoot an arrow. The arrow hits the orc priest.
The orc priest is moderately wounded.
The orc priest calls down the wrath of Beogh upon you.
Beogh smites you!
You die...

#########
#.......#
#######.#####)#
.........####.###
##.####..#.)....#
#.....#.#.#
#.....#.#.#
#@......#.##
#)$.........##
..o.....[.....##
##........<....>#
.###...........#
.#
##..........#####
.#
##.!#.....%.....
..
#.........#####
#.####.##.#


You could see an orc priest.

Vanquished Creatures
  Grinder (D:4)
  Sigmund (D:3)
  A steam dragon (D:7)
  2 orc warriors (D:6)
  An ice beast (D:5)
  A phantom (D:5)
  A bullfrog (D:5)
  A brain worm (Sewer)
  A scorpion (D:5)
  A bombardier beetle (D:5)
  9 hounds
  2 jellies
  2 orc priests (D:4)
  Ijyb (D:3)
  7 orc wizards
  3 iguanas
  8 adders
  A river rat (Sewer)
  3 shadow imps
  A white imp (D:5)
  6 ufetubi
  3 ribbon worms
  20 orcs
  10 endoplasms
  4 giant cockroaches
  8 goblins
  9 hobgoblins
  10 jackals
  8 kobolds
  6 quokkas
  23 ball pythons
  12 bats
  8 frilled lizards
  7 rats
182 creatures vanquished.

Notes
Turn   | Place    | Note
-------+----------+-------------------------------------------
     0 | D:1      | qw the Spriggan Hunter began the quest for the Orb.
     0 | D:1      | Reached XP level 1. HP: 10/10 MP: 2/2
     0 | D:1      | 0 ||| qw: Version: 0.3-a-160-g6735b56
     0 | D:1      | 0 ||| qw: Game counter: 5198
     0 | D:1      | 0 ||| qw: Melee chars always use a shield: true
     0 | D:1      | 0 ||| qw: God list: Okawaru
     0 | D:1      | 0 ||| qw: Allow faded altars: false
     0 | D:1      | 0 ||| qw: Do Orc after clearing Dungeon:15 true
     0 | D:1      | 0 ||| qw: Do second Lair branch before Depths: true
     0 | D:1      | 0 ||| qw: Lair rune preference: random
     0 | D:1      | 0 ||| qw: Goals: Normal
     0 | D:1      | 0 ||| PLANNING D:1-11
    22 | D:1      | Reached skill level 3 in Dodging
   119 | D:1      | Reached XP level 2. HP: 14/14 MP: 3/3
   170 | D:1      | Reached skill level 4 in Dodging
   414 | D:1      | Reached XP level 3. HP: 18/18 MP: 4/4
   487 | D:1      | 487 ||| UPGRADING to +6 ring of dexterity.
   488 | D:1      | 488 ||| READING 2 scrolls labelled EREG UFRE KOX.
   488 | D:1      | 488 ||| IDENTIFYING metallic red potion
   489 | D:1      | 489 ||| READING scroll of identify.
   489 | D:1      | 489 ||| IDENTIFYING silvery potion
   490 | D:1      | 490 ||| DROPPING scroll of butterflies.
   491 | D:1      | 491 ||| DROPPING potion of lignification.
   492 | D:1      | 492 ||| DROPPING potion of degeneration.
   746 | D:2      | Reached skill level 5 in Dodging
   808 | D:2      | Found The Oracle's Delphic Readings.
   812 | D:2      | 812 ||| BUYING scroll of enchant weapon (97 gold).
   812 | D:2      | Bought a scroll of enchant weapon for 97 gold pieces
   812 | D:2      | 812 ||| SHOPLISTING scroll of identify (26 gold, have 18).
   812 | D:2      | 812 ||| SHOPLISTING scroll of teleportation (39 gold, have
                  | 18).
   812 | D:2      | 812 ||| READING scroll of enchant weapon.
   812 | D:2      | 812 ||| ENCHANTING +0 shortbow.
   850 | D:2      | Identified the ring of Sloth {rElec Will+ Str+3 Dex-5}
   857 | D:2      | Reached XP level 4. HP: 22/22 MP: 5/5
  1008 | D:2      | Found a burning altar of Makhleb.
  1172 | D:2      | Found a faded altar of an unknown god.
  1236 | D:2      | 1236 ||| UPGRADING to ring of protection from fire.
  1237 | D:2      | 1237 ||| DROPPING ring of Sloth {rElec Will+ Str+3 Dex-5}.
  1238 | D:2      | 1238 ||| DRINKING 2 inky potions.
  1286 | D:3      | 1286 ||| STAIRDANCE
  1322 | D:3      | 1322 ||| STAIRDANCE
  1368 | D:3      | 1368 ||| STAIRDANCE
  1374 | D:3      | 1374 ||| STAIRDANCE
  1410 | D:3      | 1410 ||| STAIRDANCE
  1442 | D:3      | Reached XP level 5. HP: 19/25 MP: 6/6
  1496 | D:3      | Noticed Ijyb
  1516 | D:3      | Killed Ijyb
  1517 | D:3      | Reached skill level 6 in Dodging
  1623 | D:3      | Noticed Sigmund
  1624 | D:3      | 1624 ||| ZAPPING wand of iceblast (6) at 3,2 (floor).
  1625 | D:3      | 1625 ||| DRINKING potion of curing.
  1625 | D:3      | 1625 ||| (to cure confusion)
  1627 | D:3      | 1627 ||| ZAPPING wand of iceblast (5) at 2,2 (Sigmund;
                  | floor).
  1627 | D:3      | Killed Sigmund
  1628 | D:3      | Reached skill level 3 in Fighting
  1628 | D:3      | Reached XP level 6. HP: 32/32 MP: 7/7
  1907 | D:3      | 1907 ||| READING 2 scrolls of identify.
  1907 | D:3      | 1907 ||| IDENTIFYING smoky pink potion
  1908 | D:3      | 1908 ||| READING scroll of identify.
  1908 | D:3      | 1908 ||| IDENTIFYING puce potion
  1909 | D:3      | 1909 ||| READING scroll labelled YCEZAIFAANLI.
  2010 | D:3      | 2010 ||| READING scroll labelled AKLOCK PECRINO.
  2015 | D:3      | 2015 ||| DROPPING potion of berserk rage.
  2054 | D:4      | 2054 ||| STAIRDANCE
  2058 | D:4      | 2058 ||| STAIRDANCE
  2062 | D:4      | 2062 ||| STAIRDANCE
  2066 | D:4      | 2066 ||| STAIRDANCE
  2070 | D:4      | 2070 ||| STAIRDANCE
  2077 | D:4      | 2077 ||| STAIRDANCE
  2188 | D:4      | HP: 5/32 [orc/+0 hand axe (5)]
  2189 | D:4      | 2189 ||| READING scroll of teleportation.
  2194 | D:4      | 2194 ||| FLEEEEING.
  2195 | D:4      | 2195 ||| FLEEEEING.
  2300 | D:4      | Reached skill level 6 in Ranged Weapons
  2307 | D:4      | Found a hazy altar of Hepliaklqana.
  2416 | D:4      | Reached XP level 7. HP: 36/36 MP: 8/8
  2442 | D:4      | Found a burning altar of Makhleb.
  2591 | D:4      | Noticed Grinder
  2592 | D:4      | 2592 ||| ZAPPING wand of iceblast (11) at 2,-2 (Grinder;
                  | floor).
  2593 | D:4      | 2593 ||| ZAPPING wand of iceblast (10) at -1,2 (Grinder;
                  | floor).
  2600 | D:4      | Killed Grinder
  2601 | D:4      | Reached skill level 8 in Dodging
  2679 | D:4      | Found a shimmering blue altar of Sif Muna.
  2757 | D:4      | 2757 ||| DROPPING ring of resist corrosion.
  2790 | D:5      | Entered Level 5 of the Dungeon
  2791 | D:5      | 2791 ||| PLANNING SEWER
  2929 | D:5      | Found a glowing drain.
  2954 | Sewer    | Entered a sewer
  3496 | Sewer    | 3496 ||| READING scroll of identify.
  3496 | Sewer    | 3496 ||| IDENTIFYING metallic grey potion
  3497 | Sewer    | 3497 ||| READING scroll labelled KUMNAL IRPHYCRI.
  3498 | Sewer    | 3498 ||| READING scroll labelled HYEPRA CUUBB.
  3499 | Sewer    | 3499 ||| READING 2 scrolls labelled VOKHLU GOUGEADGH.
  3500 | Sewer    | 3500 ||| DROPPING potion of brilliance.
  3501 | Sewer    | 3501 ||| DROPPING scroll of immolation.
  3524 | D:5      | 3524 ||| PLANNING D:1-11
  3662 | D:5      | Reached XP level 8. HP: 40/40 MP: 9/9
  3674 | D:5      | Reached skill level 9 in Dodging
  4002 | D:5      | 4002 ||| READING 3 scrolls of identify.
  4002 | D:5      | 4002 ||| IDENTIFYING glowing brown potion
  4003 | D:5      | 4003 ||| READING 2 scrolls of identify.
  4003 | D:5      | 4003 ||| IDENTIFYING lumpy inky potion
  4004 | D:5      | 4004 ||| READING scroll of identify.
  4004 | D:5      | 4004 ||| IDENTIFYING smoky orange potion
  4005 | D:5      | 4005 ||| DROPPING potion of attraction.
  4020 | D:6      | 4020 ||| STAIRDANCE
  4057 | D:6      | Found a staircase to the Ecumenical Temple.
  4059 | D:6      | 4059 ||| PLANNING TEMPLE
  4067 | Temple   | Entered the Ecumenical Temple
  4068 | Temple   | 4068 ||| PLANNING OKAWARU WORSHIP
  4078 | Temple   | Became a worshipper of Warmaster Okawaru
  4079 | Temple   | 4079 ||| PLANNING D:1-11
  4300 | D:6      | HP: 9/40 [orc warrior/+0 scimitar (18)]
  4301 | D:6      | 4301 ||| READING 3 scrolls of teleportation.
  4302 | D:6      | 4302 ||| DRINKING potion of heal wounds.
  4420 | D:6      | Reached skill level 9 in Ranged Weapons
  5096 | D:6      | 5096 ||| READING scroll of identify.
  5096 | D:6      | 5096 ||| IDENTIFYING grey potion
  5400 | D:7      | Reached * piety under Okawaru
  5401 | D:7      | Reached skill level 10 in Dodging
  5523 | D:7      | Reached XP level 9. HP: 43/44 MP: 10/10
  5578 | D:7      | Killed from afar by an orc priest

Levels and vault maps discovered:
D:1:      dpeg_arrival_morbid_curiosity, layout_basic
D:2:      layout_loops_ring, dreamdust_ecumenical_altar_angels_and_demons,
          basic_altar, nicolae_nh_oracle_at_delphi
D:3:      layout_rooms, st_stairs_2, uniq_sigmund, uniq_ijyb
D:4:      cheibrodos_pilgrimage, layout_cave_pools, lightli_temple_of_fire,
          minitemple, uniq_grinder
D:5:      layout_basic, mainiacjoe_sewer_entry_somewhere_in_here_1,
          grunt_ministairs_1
D:6:      nicolae_cairo_tiling_large_dashed, layout_basic,
          minmay_temple_entry_trees, dk_noncrumbling_3, roderic_serpentine_path,
          item_on_display_a
D:7:      layout_loops_ring, nicolae_qazlal_eye_of_the_storm,
          general_overflow_altar, uniq_maurice
Temple:   nicolae_temple_figure_eight

Skill      XL: |  1  2  3  4  5  6  7  8 |
---------------+-------------------------+-----
Dodging        | 3 4 5 6 8 10 | 10.3
Ranged Weapons | 5 6 7 9 |  9.2
Fighting       | 3 |  3.4
Stealth        | |  1.5
Invocations    | |  0.8

Action                     |  1- 3 |  4- 6 |  7- 9 || total
---------------------------+-------+-------+-------++-------
   Fire: Shortbow          |   109 |   170 |   323 ||   602
  Evoke: Wand              |       |     2 |     2 ||     4
    Use: Scroll            |     3 |     5 |     9 ||    17
         Potion            |       |     2 |     1 ||     3
 Armour: Robe              |    12 |    33 |    30 ||    75
  Dodge: Dodged            |    56 |   115 |   190 ||   361

Table legend:
 A = Non-vault XP
 B = Vault XP
 C = Vault XP percentage of total XP
 D = Non-vault monster count
 E = Vault monster count
 F = Vault count percentage of total count
                 A         B        C        D         E       F
            +---------+---------+-------+---------+---------+-------
      Total |    1960 |     941 |  32.4 |     126 |      56 |  30.8
            +---------+---------+-------+---------+---------+-------
        D:1 |      32 |      10 |  23.8 |      22 |       5 |  18.5
        D:2 |     147 |       4 |   2.6 |      28 |       2 |   6.7
        D:3 |      28 |     256 |  90.1 |      16 |       4 |  20.0
        D:4 |     202 |     389 |  65.8 |      19 |       8 |  29.6
        D:5 |     682 |     105 |  13.3 |      18 |       7 |  28.0
        D:6 |     473 |       0 |   0.0 |      12 |       0 |   0.0
        D:7 |     396 |       0 |   0.0 |      11 |       0 |   0.0
      Sewer |       0 |     177 | 100.0 |       0 |      30 | 100.0
            +---------+---------+-------+---------+---------+-------
